Map: Newkirk Precinct TE (Void)

Players

Musumeci - Winner!

  • Race: Zerg Zerg
  • League: Diamond
  • Spawn Location: 5:00

CravingDeath

  • Race: Zerg Zerg
  • League: Diamond
  • Spawn Location: 7:00

VOD

Have the link to the VOD?

Description

Time

  • Played on: Feb. 23, 2017, 12:29 p.m.
  • Length: 17:08
Show
View Real Time Build Order
Export as new Build Order

Musumeci Zerg - Winner!

Build Orders: Pool First 

Get SALT Encoding   

  12  0:08  Drone x2  
  14  0:14  Extractor  
  14  0:16  Drone  
  15  0:24  Overlord  
  15  0:42  Drone x2  
  17  0:48  Spawning Pool  
  16  0:51  Drone  
  16  0:54  Extractor  
  16  1:36  Zergling x6  
  16  1:38  Queen  
  21  1:44  Hatchery  
  20  1:53  Zergling x2  
  21  2:05  Metabolic Boost  
  21  2:07  Zergling x2  
  22  2:12  Overlord  
  22  2:30  Zergling x2  
  22  2:32  Zergling x2  
  24  2:38  Baneling Nest  
  23  3:01  Zergling x10  
  28  3:16  Zergling x2  
  28  3:17  Zergling x2  
  30  3:31  Zergling x10  
  30  3:38  Baneling x2  
  28  3:43  Zergling x4  
  23  4:27  Zergling x18  
  31  4:41  Zergling x4  
  33  4:50  Baneling  
  33  4:52  Baneling x2  
  32  4:54  Baneling x2  
  32  4:56  Zergling x2  
  32  4:57  Zergling x2  
  33  5:13  Baneling  
  33  5:14  Baneling x3  
  30  5:31  Baneling x3  
  30  5:34  Zergling x2  
  30  5:35  Zergling x6  
  31  5:56  Queen  
  25  6:11  Baneling  
  25  6:12  Baneling x3  
  22  6:38  Zergling x16  
  27  6:41  Drone  
  27  6:44  Baneling  
  27  7:05  Baneling x3  
  27  7:06  Zergling x2  
  27  7:07  Zergling x4  
  21  7:40  Zergling x2  
  21  7:41  Zergling x12  
  23  7:56  Drone  
  23  7:57  Drone x2  
  26  8:00  Zergling x2  
  27  8:12  Queen  
  22  8:42  Zergling x2  
  22  8:43  Zergling x14  
  30  8:48  Drone  
  30  8:53  Zergling x4  
  33  9:00  Evolution Chamber  
  32  9:08  Baneling  
  32  9:09  Baneling  
  32  9:25  Zergling x6  
  35  9:31  Overlord  
  34  9:46  Zerg Ground Armor Level 1  
  29  9:56  Zergling x14  
  32  10:10  Drone  
  32  10:11  Drone x3  
  36  10:18  Drone x2  
  36  10:19  Drone  
  39  10:30  Roach Warren  
  38  10:45  Overlord  
  36  11:01  Baneling x2  
  28  11:23  Zergling x6  
  28  11:24  Zergling x28  
  44  11:36  Zergling x4  
  46  11:44  Spore Crawler x2  
  46  11:46  Spore Crawler  
  43  11:47  Spore Crawler  
  32  12:15  Zergling x2  
  32  12:16  Zergling x12  
  32  12:21  Spore Crawler  
  32  12:22  Drone x3  
  40  12:37  Zergling x8  
  40  12:57  Zergling x14  
  47  13:03  Overlord  
  47  13:09  Overlord  
  46  13:24  Zergling x10  
  51  13:47  Zergling x2  
  51  13:48  Zergling x14  
  43  14:04  Zergling x2  
  43  14:05  Zergling x8  
  48  14:10  Queen  
  50  14:26  Zergling x10  
  53  14:49  Zergling x16  
  46  15:19  Zergling x2  
  46  15:20  Zergling x16  
  50  15:37  Spore Crawler  
  43  15:54  Spore Crawler  
  43  15:55  Queen x2  
  43  15:56  Spore Crawler  
  45  16:00  Spore Crawler  
Show
View Real Time Build Order
Export as new Build Order

CravingDeath Zerg 

Build Orders: Pool First 

Get SALT Encoding   

  12  0:01  Drone  
  13  0:14  Overlord  
  13  0:21  Drone  
  14  0:32  Drone x2  
  16  0:36  Drone  
  17  0:50  Drone  
  18  1:00  Drone  
  18  1:03  Extractor  
  18  1:05  Spawning Pool  
  17  1:19  Drone  
  17  1:22  Hatchery, Drone  
  18  1:30  Drone  
  19  1:43  Drone  
  20  1:52  Zergling x2  
  21  2:02  Drone  
  21  2:06  Metabolic Boost  
  22  2:13  Overlord  
  22  2:25  Hatchery  
  21  2:31  Queen  
  21  2:32  Baneling Nest  
  21  2:34  Zergling x2  
  23  2:37  Zergling x2  
  23  2:42  Zergling x2  
  25  2:46  Overlord  
  25  2:54  Zergling x2  
  25  2:57  Spine Crawler  
  25  3:03  Zergling x2  
  26  3:12  Zergling x2  
  27  3:21  Zergling x2  
  28  3:29  Zergling x2  
  26  3:38  Zergling x2  
  26  3:39  Queen  
  29  3:45  Drone  
  29  3:46  Drone x2  
  27  3:59  Zergling x6  
  28  4:08  Zergling x2  
  27  4:10  Zergling x2  
  26  4:24  Zergling x8  
  26  4:25  Queen  
  26  4:31  Zergling x2  
  30  4:35  Baneling x2  
  30  4:37  Baneling  
  29  4:41  Zergling x4  
  31  4:56  Baneling  
  31  4:57  Baneling x2  
  31  5:04  Hatchery  
  29  5:18  Zergling x6  
  29  5:30  Baneling x2  
  27  5:45  Baneling x4  
  27  5:50  Spine Crawler  
  27  5:52  Zergling x6  
  27  6:03  Zergling x6  
  27  6:12  Baneling x4  
  27  6:14  Zergling x2  
  28  6:23  Baneling  
  28  6:24  Baneling x2  
  25  6:34  Zergling x6  
  25  6:35  Zergling x2  
  27  6:41  Zergling x2  
  27  7:03  Hatchery  
  24  7:11  Zergling x6  
  24  7:12  Queen  
  28  7:22  Baneling x3  
  27  7:24  Baneling  
  21  7:39  Drone  
  21  7:40  Drone x2  
  21  7:43  Roach Warren  
  23  7:44  Extractor  
  21  7:53  Overlord  
  21  8:03  Queen  
  23  8:09  Zergling x2  
  24  8:16  Zergling x2  
  24  8:17  Zergling x2  
  25  8:34  Zergling x4  
  25  8:35  Zergling x2  
  25  8:40  Baneling  
  28  8:42  Baneling  
  28  8:43  Baneling  
  28  8:44  Drone x4  
  32  8:53  Lair  
  32  9:03  Roach  
  32  9:04  Roach x2  
  32  9:09  Roach  
  40  9:10  Roach  
  42  9:23  Roach  
  43  9:33  Overlord x2  
  40  9:48  Drone x3  
  43  9:57  Drone x4  
  43  10:12  Spire  
  42  10:20  Extractor x2  
  40  10:22  Drone x2  
  42  10:50  Overlord x2  
  35  11:28  Mutalisk  
  35  11:29  Mutalisk x4  
  45  11:37  Mutalisk  
  47  11:45  Mutalisk  
  49  11:52  Mutalisk  
  51  12:06  Mutalisk  
  51  12:11  Mutalisk  
  51  12:29  Mutalisk  
  51  12:32  Mutalisk  
  55  12:46  Mutalisk  
  57  12:51  Mutalisk  
  59  13:00  Mutalisk  
  61  13:19  Zergling x6  
  65  13:20  Zergling x4  
  64  13:53  Zergling x2  
  64  13:54  Zergling x4  
  52  14:16  Baneling  
  52  14:17  Baneling x5  
  30  15:27  Drone x2  
  30  15:54  Drone  
Tags
 
Add a new tag
Caveats
  • Supply blocks, unpowered buildings, or Contaminate may cause inaccurate times.
  • Supply counts are checked every 10 seconds.